 Dungeon Crawl Stone Soup version 0.23.2-33-g5129a83184 (webtiles) character file.

Game seed: 9025481258985416992

611 psyvane the Spear-Bearer (level 7, -1/50 HPs)
             Began as a Merfolk Skald on July 20, 2019.
             Slain by an ogre
             ... wielding a +0 giant club
              (22 damage)
             ... on level 4 of the Dungeon.
             The game lasted 00:15:53 (3785 turns).

psyvane the Spear-Bearer (Merfolk Skald)            Turns: 3785, Time: 00:15:53

Health: -1/50      AC:  7    Str: 15    XL:     7   Next: 43%
Magic:  4/10       EV: 10    Int: 13    God:
Gold:   216        SH:  0    Dex: 13    Spells: 2/10 levels left

rFire    . . .     SeeInvis .   a - +0 spear
rCold    . . .     Gourm    .   (no shield)
rNeg     . . .     Faith    .   f - +0 scale mail {rPois}
rPois    +         Spirit   .   (no helmet)
rElec    .         Reflect  .   (no cloak)
rCorr    .         Harm     .   (no gloves)
MR       .....                  l - +0 pair of boots (curse)
Stlth    ..........             k - amulet of regeneration
HPRegen  0.56/turn              w - +2 ring of strength
MPRegen  0.12/turn              (no ring)

@: infused, very slightly contaminated
A: change form in water, swift swim, stealthy swim
a: no special abilities


You were on level 4 of the Dungeon.
You were not hungry.

You visited 1 branch of the dungeon, and saw 4 of its levels.

You collected 216 gold pieces.

Inventory:

Hand Weapons
 a - a +0 spear (weapon)
Armour
 b - a +0 leather armour
 f - a +0 scale mail of poison resistance (worn)
 l - a cursed +0 pair of boots (worn)
 s - a +2 chain mail of fire resistance
Jewellery
 k - an amulet of regeneration (around neck)
 w - a +2 ring of strength (left hand)
 x - a cursed ring of attention {unknown}
Wands
 t - a wand of digging (4)
Scrolls
 e - a scroll of enchant armour {unknown}
 i - a scroll of noise {unknown}
 j - a scroll of enchant weapon {unknown}
 m - a scroll of remove curse {unknown}
 u - a scroll of fear {unknown}
 v - a scroll of fog {unknown}
Potions
 c - 3 potions of heal wounds {unknown}
 g - 4 potions of ambrosia {unknown}
 h - a potion of degeneration {unknown}
 o - a potion of lignification {unknown}
 p - 3 potions of curing {unknown}
 q - a potion of berserk rage {unknown}
 r - 2 potions of brilliance {unknown}
Comestibles
 d - 11 rations
 n - 8 chunks of flesh


   Skills:
 - Level 2.1 Fighting
 - Level 9.3 Polearms
 - Level 0.6 Armour
 - Level 2.6 Dodging
 - Level 2.0 Spellcasting
 * Level 6.0 Charms
 - Level 0.1 Translocations


You had 2 spell levels left.
You knew the following spells:

 Your Spells              Type           Power        Failure   Level  Hunger
a - Infusion              Chrm           ###.         9%          1    ##.....
b - Song of Slaying       Chrm           ###.....     13%         2    ###....
c - Shroud of Golubria    Chrm/Tloc      #.........   41%         2    ###....
d - Regeneration          Chrm/Necr      #.........   65%         3    ####...

Your spell library contained the following spells:

 Spells                   Type           Power        Failure   Level  Hunger
 Apportation              Tloc           #.....       69%         1    ##.....
 Animate Skeleton         Necr           N/A          71%         1    ##.....
 Confusing Touch          Hex            #.....       71%         1    ##.....
 Summon Small Mammal      Summ           #...         71%         1    ##.....
 Spectral Weapon          Hex/Chrm       #.......     65%         3    ####...


Dungeon Overview and Level Annotations

Branches:
Dungeon (4/15)
 Temple: D:4-7

Altars:
Wu Jian
The Shining One


Message History

The ogre closely misses you.
You hit the ogre.
The ogre is heavily wounded.
You hit the ogre.
The ogre is heavily wounded.
You hit the ogre.
The ogre is severely wounded.
The ogre hits you with a +0 giant club!
Your shroud falls apart!
Casting: Shroud of Golubria (safe; 41% risk of failure)
Confirm with . or Enter, or press ? or * to list all spells.
Space distorts slightly along a thin shroud covering your body.
The ogre closely misses you.
You hit the ogre.
The ogre is severely wounded.
Casting: Shroud of Golubria (safe; 41% risk of failure)
Confirm with . or Enter, or press ? or * to list all spells.
You begin infusing your attacks with magical energy.
The ogre hits you with a +0 giant club!!
You die...

.#####...##.##.#.#
##.#.......# .#
#.......###....###.##.......#
.# #.......#
###......########## ##
#.....#.# ###..#.#.# #.....#.#
#........# #### #.....#.#
#......#### #... ..........#
##........# #.##
###..........#####.###.#####.#
..<...O@....# #.......#
......####### ######### .....
.###


You could see an ogre.

Vanquished Creatures
  A hornet zombie (D:4)
  An ogre (D:4)
  An orc priest (D:3)
  A jelly (D:3)
  2 orc wizards (D:3)
  Ijyb (D:3)
  3 worker ants (D:4)
  Robin (D:4)
  8 adders
  3 oozes
  8 worms
  A dart slug (D:1)
  5 leopard geckos
  4 orcs
  A ball python (D:4)
  6 giant cockroaches
  17 goblins
  13 hobgoblins
  A quokka (D:2)
  11 bats
  2 frilled lizards (D:1)
  12 kobolds
  10 rats
113 creatures vanquished.

Notes
Turn   | Place    | Note
-------+----------+-------------------------------------------
     0 | D:1      | psyvane the Merfolk Skald began the quest for the Orb.
     0 | D:1      | Reached XP level 1. HP: 16/16 MP: 3/3
   287 | D:1      | Reached skill level 4 in Polearms
   287 | D:1      | Reached XP level 2. HP: 20/22 MP: 5/5
   921 | D:2      | Reached skill level 5 in Polearms
   921 | D:2      | Reached XP level 3. HP: 27/27 MP: 6/6
   925 | D:2      | Learned a level 2 spell: Song of Slaying
   928 | D:2      | Learned a level 2 spell: Shroud of Golubria
  1087 | D:2      | Found an ornate altar of the Wu Jian Council.
  1098 | D:2      | Reached skill level 6 in Polearms
  1098 | D:2      | Reached XP level 4. HP: 28/33 MP: 4/7
  1365 | D:2      | Found a glowing golden altar of the Shining One.
  1492 | D:2      | Reached skill level 7 in Polearms
  1817 | D:2      | Reached XP level 5. HP: 15/38 MP: 0/8
  1936 | D:2      | Learned a level 3 spell: Regeneration
  2073 | D:3      | Reached skill level 8 in Polearms
  2152 | D:3      | Reached XP level 6. HP: 25/44 MP: 9/9
  2166 | D:3      | Reached skill level 9 in Polearms
  2484 | D:3      | Noticed Ijyb
  2600 | D:3      | Killed Ijyb
  2902 | D:3      | Found a faded altar of an unknown god.
  3331 | D:4      | Reached XP level 7. HP: 11/50 MP: 0/10
  3464 | D:4      | Noticed Robin
  3474 | D:4      | Reached skill level 5 in Charms
  3493 | D:4      | Killed Robin
  3785 | D:4      | Slain by an ogre

Skill      XL: |  1  2  3  4  5  6  7 |
---------------+----------------------+-----
Polearms       | 4 5 6 7 8 9 |  9.3
Charms         | 4 6 |  6.0
Fighting       | |  2.1
Armour         | |  0.6
Dodging        | |  2.6
Spellcasting   | |  2.0
Translocations | |  0.1

Action                   |  1- 3 |  4- 6 |  7- 9 || total
-------------------------+-------+-------+-------++-------
Melee: Spear             |    96 |   337 |    78 ||   511
       Unarmed           |       |     8 |       ||     8
 Cast: Infusion          |     2 |    14 |     4 ||    20
       Song of Slaying   |     1 |     3 |     1 ||     5
       Shroud of Golubri |       |     3 |     3 ||     6
  Use: Scroll            |     1 |     2 |       ||     3
       Potion            |       |     1 |       ||     1
 Stab: Sleeping          |     2 |     2 |       ||     4
  Eat: Chunk             |       |     8 |     3 ||    11
Armor: Leather armour    |    20 |    25 |       ||    45
       Scale mail        |       |    43 |    19 ||    62
Dodge: Dodged            |    33 |   114 |    27 ||   174
